[Event "Titled Tuesday Blitz December 13 Late 2022"]
[White "Dzierzak, Radoslaw"]
[Black "Klukin, Kirill"]
[WhiteFideId "1161407"]
[BlackFideId "24199273"]
[WhiteElo "2111"]
[BlackElo "2300"]
[Result "0-1"]
[Round "04"]
[TimeControl "180+1"]
[Date "2022.12.14"]
[WhiteClock "0:00:02"]
[BlackClock "0:00:04"]

1. e4 c5 2. Nf3 Nc6 3. d4 cxd4 4. Nxd4 e5 5. Nb5 d6 6. g3 Be7 7. Bg2 Be6 8. O-O a6 9. N5c3 Nf6 10. Nd5 O-O 11. Nbc3 b5 12. h3 Rc8 13. Be3 Nd7 14. Qd2 Nc5 15. Rad1 b4 16. Nxe7+ Qxe7 17. Nd5 Bxd5 18. Qxd5 Rfd8 19. f4 Ne6 20. c3 bxc3 21. bxc3 Nc5 22. f5 Na7 23. f6 gxf6 24. Rf5 Nb5 25. Qd2 Ne6 26. Rc1 Ng7 27. Rf3 d5 28. exd5 Nd6 29. Bb6 Rd7 30. Qf2 Nc4 31. Be3 f5 32. Bh6 e4 33. Rxf5 Nxf5 34. Qxf5 Ne5 35. Bxe4 Ng6 36. h4 Re8 37. Re1 Qc5+ 38. Re3 Rde7 39. Kh2 Re5 40. Qf3 Qe7 41. d6 Qxd6 42. Bxg6 hxg6 43. Qf4 Qd2+ 44. Kh3 Qxe3 45. Qf6 Qxh6 0-1


[Site "https://www.chess.com"]

[Event "Titled Tuesday Blitz December 13 Late 2022"]
[White "Eisa Mohmood, Alkhoori"]
[Black "Figorito, Nick"]
[WhiteFideId "9316116"]
[BlackFideId "30923689"]
[WhiteElo "1245"]
[BlackElo "2420"]
[Result "0-1"]
[Round "04"]
[TimeControl "180+1"]
[Date "2022.12.14"]
[WhiteClock "0:00:34"]
[BlackClock "0:01:15"]

1. e4 e6 2. d4 d5 3. Nd2 Nf6 4. e5 Nfd7 5. Bd3 c5 6. c3 Nc6 7. Ngf3 cxd4 8. cxd4 Be7 9. O-O a5 10. Re1 g5 11. h3 h5 12. Nb3 a4 13. Nc5 Nxc5 14. dxc5 g4 15. hxg4 hxg4 16. Nh2 g3 17. fxg3 Bxc5+ 18. Be3 Bxe3+ 19. Rxe3 Rxh2 20. Kxh2 Qg5 21. Qc1 Nxe5 22. Rxe5 Qxe5 23. Bb5+ Bd7 24. Qf1 Qh8+ 25. Kg1 Qd4+ 26. Kh2 Ke7 27. g4 Rh8+ 28. Kg3 Qe3+ 0-1


[Site "https://www.chess.com"]

[Event "Titled Tuesday Blitz December 13 Late 2022"]
[White "Erdogdu, Mert"]
[Black "Ozates, Tuna"]
[WhiteFideId "6301495"]
[BlackFideId "6354521"]
[WhiteElo "2408"]
[BlackElo "2151"]
[Result "1-0"]
[Round "04"]
[TimeControl "180+1"]
[Date "2022.12.14"]
[WhiteClock "0:00:26"]
[BlackClock "0:00:02"]

1. e4 e5 2. Nf3 Nc6 3. Bc4 Bc5 4. d3 Nf6 5. O-O d6 6. c3 a6 7. a4 O-O 8. Bg5 h6 9. Bh4 g5 10. Bg3 Re8 11. Re1 Ba7 12. Nbd2 Ne7 13. d4 Ng6 14. Qb3 Qe7 15. Rad1 Rb8 16. a5 Nh5 17. dxe5 dxe5 18. Nxe5 Nxe5 19. Bxe5 Qxe5 20. Bxf7+ Kg7 21. Bxh5 Be6 22. Qa3 g4 23. Bxe8 Rxe8 24. Nf1 Rf8 25. Rd2 Bc5 26. b4 Ba7 27. Qc1 c6 28. Qd1 h5 29. c4 h4 30. c5 Bb8 31. g3 hxg3 32. Nxg3 Rh8 33. Rd7+ Bxd7 34. Qxd7+ Kf6 35. Qxg4 Bc7 36. Rd1 Kf7 37. Rd7+ Ke8 38. Rd3 Rf8 39. Qd7# 1-0


[Site "https://www.chess.com"]

[Event "Titled Tuesday Blitz December 13 Late 2022"]
[White "Estrada Nieto, Julian"]
[Black "Torres Boch, Jose Francisco"]
[WhiteFideId "5101018"]
[BlackFideId "2278383"]
[WhiteElo "2195"]
[BlackElo "2073"]
[Result "1-0"]
[Round "04"]
[TimeControl "180+1"]
[Date "2022.12.14"]
[WhiteClock "0:01:01"]
[BlackClock "0:01:09"]

1. e4 c5 2. Nf3 d6 3. d4 cxd4 4. Qxd4 Nc6 5. Bb5 Bd7 6. Bxc6 Bxc6 7. Nc3 Nf6 8. Bg5 e6 9. O-O-O Be7 10. Rhe1 O-O 11. Kb1 a6 12. Qd2 Qb8 13. Nd4 Rc8 14. f3 b5 15. g4 b4 16. Nce2 a5 17. Ng3 a4 18. Nh5 Kf8 19. Bxf6 gxf6 20. Qh6+ Ke8 21. Nxf6+ Kd8 22. Qg7 Be8 23. Qh8 Kc7 24. Nxe8+ Rxe8 25. Qxh7 a3 26. Qxf7 axb2 27. Nxe6+ Kb7 28. Nc5+ Kc7 29. Qe6 Bf8 30. Qd7+ Kb6 31. Na4+ Ka5 32. Rd5+ Ka6 33. Qc6+ Ka7 34. Ra5# 1-0


[Site "https://www.chess.com"]

[Event "Titled Tuesday Blitz December 13 Late 2022"]
[White "Fedoseev, Vladimir"]
[Black "Mendez Fortes, Eduardo Jesus"]
[WhiteFideId "24130737"]
[BlackFideId "3502376"]
[WhiteElo "2733"]
[BlackElo "2307"]
[Result "1-0"]
[Round "04"]
[TimeControl "180+1"]
[Date "2022.12.13"]
[WhiteClock "0:02:08"]
[BlackClock "0:01:24"]

1. e4 e5 2. Nf3 Nc6 3. Bb5 Nf6 4. d3 Bc5 5. Bxc6 dxc6 6. Nbd2 Nd7 7. O-O Qe7 8. c3 Bd6 9. d4 O-O 10. Re1 f6 11. Nc4 Rd8 12. Qb3 Kh8 13. Be3 Nb6 14. dxe5 Nxc4 15. exf6 Qxf6 16. Bg5 Qg6 17. Bxd8 Bh3 18. Nh4 Qg4 19. Qxc4 Rxd8 20. Re3 Qxh4 21. Rxh3 Qg4 22. Rf3 Re8 23. Re1 h6 24. h3 Qg5 25. g3 a5 26. Kg2 Ra8 27. Rf5 Qe7 28. Qf7 Qd8 29. Rd1 Qc8 30. e5 Bc5 31. Rd7 1-0


[Site "https://www.chess.com"]

[Event "Titled Tuesday Blitz December 13 Late 2022"]
[White "Fernandez Siles, Luis"]
[Black "De VJunior, Liduino Furtado"]
[WhiteFideId "2209420"]
[BlackFideId "2109913"]
[WhiteElo "2186"]
[BlackElo "2050"]
[Result "1-0"]
[Round "04"]
[TimeControl "180+1"]
[Date "2022.12.14"]
[WhiteClock "0:00:49"]
[BlackClock "0:01:17"]

1. d4 Nf6 2. c4 e5 3. dxe5 Ng4 4. e3 Nxe5 5. Nh3 d6 6. Nf4 Nbc6 7. Nc3 Be6 8. b3 Be7 9. Bb2 Bf6 10. Be2 O-O 11. O-O Ne7 12. Nxe6 fxe6 13. f4 N5c6 14. Bg4 e5 15. Ne4 Ng6 16. Be6+ Kh8 17. f5 Nge7 18. Rf3 g6 19. fxg6 Nxg6 20. Rh3 Qe7 21. Bf5 Bg5 22. Bxg6 h6 23. Qh5 Kg7 24. Nxg5 Qxg5 25. Qxg5 hxg5 26. Be4 Rh8 27. Rxh8 Rxh8 28. Bxc6 bxc6 29. h3 Kf6 30. Kf2 Kf5 31. Kf3 Rf8 32. Rf1 Ke6+ 33. Ke2 Rg8 34. e4 d5 35. cxd5+ cxd5 36. exd5+ Kxd5 37. Rd1+ Ke4 38. Rc1 g4 39. Rc4+ Kf5 40. Rxg4 Rc8 41. Rc4 1-0


[Site "https://www.chess.com"]

[Event "Titled Tuesday Blitz December 13 Late 2022"]
[White "Freile Martin, Javier"]
[Black "Blanco Acevedo, Cristobal Jose"]
[WhiteFideId "3600165"]
[BlackFideId "3900525"]
[WhiteElo "2369"]
[BlackElo "2273"]
[Result "1-0"]
[Round "04"]
[TimeControl "180+1"]
[Date "2022.12.14"]
[WhiteClock "0:00:15"]
[BlackClock "0:00:11"]

1. c4 e5 2. Nc3 Nf6 3. Nf3 Nc6 4. a3 a5 5. e3 d6 6. d4 Be7 7. b3 O-O 8. Bb2 e4 9. Nd2 Bf5 10. Be2 Bg6 11. g4 Re8 12. g5 Nd7 13. h4 Bf8 14. Nd5 Bf5 15. Bg4 Bxg4 16. Qxg4 a4 17. b4 b5 18. cxb5 Na7 19. Nc3 d5 20. Nxd5 Nxb5 21. Nf4 Nb6 22. Rc1 Nd5 23. h5 Ra6 24. g6 fxg6 25. hxg6 h6 26. Rg1 Rf6 27. Nh5 Rfe6 28. Nf4 Nxf4 29. Qxf4 Bd6 30. Qf7+ Kh8 31. d5 Re5 32. Rh1 Qg5 33. Nxe4 Qe7 34. Rxh6+ gxh6 35. g7+ Kh7 36. g8=Q# 1-0


[Site "https://www.chess.com"]

[Event "Titled Tuesday Blitz December 13 Late 2022"]
[White "Gardezi, Arsal"]
[Black "Domingo Nunez, Ruben"]
[WhiteFideId "30949521"]
[BlackFideId "22245570"]
[WhiteElo "1906"]
[BlackElo "2406"]
[Result "0-1"]
[Round "04"]
[TimeControl "180+1"]
[Date "2022.12.14"]
[WhiteClock "0:01:37"]
[BlackClock "0:01:34"]

1. Nf3 g6 2. g3 Bg7 3. Bg2 Nf6 4. O-O O-O 5. d3 c5 6. Nbd2 Nc6 7. e4 Rb8 8. c3 b5 9. e5 Nd5 10. d4 b4 11. Ne4 bxc3 12. bxc3 Ba6 13. Re1 cxd4 14. cxd4 Ncb4 15. Nc5 Bc4 16. a3 Nc6 17. Nd2 Nc3 18. Qf3 Ne2+ 19. Rxe2 Nxd4 20. Qe4 Nxe2+ 21. Kh1 Bb5 22. a4 Qa5 23. Ndb3 Qe1+ 24. Bf1 0-1


[Site "https://www.chess.com"]

[Event "Titled Tuesday Blitz December 13 Late 2022"]
[White "Gerbelli Neto, Eduardo"]
[Black "Urbina Perez, Juan Antonio"]
[WhiteFideId "2103281"]
[BlackFideId "2217368"]
[WhiteElo "2178"]
[BlackElo "2197"]
[Result "1-0"]
[Round "04"]
[TimeControl "180+1"]
[Date "2022.12.14"]
[WhiteClock "0:00:14"]
[BlackClock "0:00:14"]

1. e4 c5 2. Nc3 Nc6 3. f4 g6 4. Nf3 Bg7 5. Bc4 e6 6. f5 gxf5 7. d3 Nge7 8. O-O O-O 9. Qe1 fxe4 10. dxe4 d5 11. Bb3 Nd4 12. Bg5 Nxf3+ 13. Rxf3 d4 14. Ne2 Qc7 15. Qh4 Ng6 16. Qh5 b5 17. Rh3 Re8 18. Qxh7+ Kf8 19. c4 bxc4 20. Bxc4 Qe5 21. Bh6 Bxh6 22. Qxh6+ Qg7 23. Qh5 Qe5 24. Qf3 Bb7 25. Rf1 Re7 26. Rh7 f5 27. Rh6 Rg7 28. Rxg6 Rxg6 29. Nf4 Rf6 30. Nxe6+ Rxe6 31. Bxe6 Qxe6 32. Qh5 Bxe4 33. Qh8+ Qg8 34. Qf6+ Qf7 35. Qd6+ Kg7 36. Qxc5 Rd8 37. Qe5+ Qf6 38. Qc7+ Kg6 39. Rf4 d3 40. Rf1 d2 41. Rd1 Qd4+ 42. Kh1 Qd5 43. Qg3+ Kf6 44. Qh4+ Ke5 45. Qe7+ Kf4 46. Qh4+ Ke5 47. Qe7+ Qe6 48. Qxd8 Bxg2+ 49. Kxg2 Qc6+ 50. Kg1 Qc5+ 51. Kg2 Qc6+ 52. Kg1 Qc5+ 53. Kf1 Qc4+ 54. Kf2 Qf4+ 55. Ke2 Qxh2+ 56. Kd3 Qg3+ 57. Kxd2 Qf2+ 58. Kc1 Qe3+ 59. Qd2 Qc5+ 60. Qc3+ Qxc3+ 61. bxc3 Ke4 62. Rf1 Ke3 63. Rxf5 Kd3 64. Ra5 Kc4 65. Rxa7 Kd3 66. a4 Kc4 67. a5 Kb5 68. Kc2 Kc6 69. a6 Kb5 70. Rb7+ Kxa6 71. Rb3 Ka5 72. Kd3 Ka4 73. Kc4 Ka5 74. Kc5 Ka6 75. Kc6 Ka7 76. Rb4 Ka8 77. Kc7 Ka7 78. Ra4# 1-0


[Site "https://www.chess.com"]

[Event "Titled Tuesday Blitz December 13 Late 2022"]
[White "Gorodetzky, David"]
[Black "Mieles Palau, Daniel"]
[WhiteFideId "2813416"]
[BlackFideId "3600467"]
[WhiteElo "2484"]
[BlackElo "2344"]
[Result "1-0"]
[Round "04"]
[TimeControl "180+1"]
[Date "2022.12.14"]
[WhiteClock "0:01:26"]
[BlackClock "0:00:02"]

1. d4 d5 2. Bf4 e6 3. e3 Nf6 4. Nf3 c5 5. Nbd2 Nc6 6. c3 Bd6 7. dxc5 Bxc5 8. Bd3 Qe7 9. e4 dxe4 10. Nxe4 Nxe4 11. Bxe4 O-O 12. O-O e5 13. Bxc6 exf4 14. Bd5 Rd8 15. Qb3 Rb8 16. Rae1 Qf6 17. Re4 Bg4 18. Bxf7+ Qxf7 19. Qxf7+ Kxf7 20. Rxf4+ Kg8 21. Rxg4 Re8 22. Re1 Rxe1+ 23. Nxe1 Rd8 24. b4 Bb6 25. c4 Rd2 26. c5 Bc7 27. g3 Rxa2 28. Rd4 Be5 29. Rd5 Bc3 30. Nd3 a5 31. Rd8+ Kf7 32. bxa5 Ke6 33. Rd6+ 1-0


[Site "https://www.chess.com"]

[Event "Titled Tuesday Blitz December 13 Late 2022"]
[White "Goroshkov, Maksym"]
[Black "Albertini, Luca"]
[WhiteFideId "14142716"]
[BlackFideId "847038"]
[WhiteElo "2258"]
[BlackElo "2207"]
[Result "1-0"]
[Round "04"]
[TimeControl "180+1"]
[Date "2022.12.14"]
[WhiteClock "0:00:41"]
[BlackClock "0:00:04"]

1. e4 e5 2. d4 exd4 3. c3 dxc3 4. Bc4 cxb2 5. Bxb2 d5 6. Bxd5 Nf6 7. Nf3 Bb4+ 8. Kf1 O-O 9. a3 Ba5 10. Qb3 Nxd5 11. exd5 Nd7 12. Nc3 Nf6 13. Rd1 Rb8 14. h3 b5 15. Ne2 b4 16. a4 Ba6 17. Nd4 Qxd5 18. Qxd5 Nxd5 19. Nc6 Bxe2+ 20. Kxe2 Rbe8+ 21. Kf3 Nc3 22. Bxc3 bxc3 23. Nxa5 Re5 24. Nc4 Rc5 25. Ne3 Rb8 26. Rb1 Rb6 27. Rhc1 g6 28. Rxb6 cxb6 29. Nd1 c2 30. Ne3 Ra5 31. Rxc2 Rxa4 32. Rc7 a5 33. Rb7 Rb4 34. Nd5 Rb3+ 35. Kg4 b5 36. Kg5 Kg7 37. Nc7 h6+ 38. Kf4 b4 39. Ne6+ Kf6 40. Nd8 g5+ 41. Ke4 a4 42. Rxf7+ Kg6 43. Ra7 a3 44. Nc6 Rb2 45. Ne5+ Kf6 46. Ra6+ Kg7 47. Nd3 Re2+ 48. Kf3 Rb2 49. Ra4 Rb3 50. Ke4 h5 51. Nxb4 Rb2 52. Nd3 Re2+ 53. Kf3 Rd2 54. Rxa3 Kf6 55. Ra6+ Kg7 56. Ne5 Rd5 57. Rg6+ Kh7 58. Rxg5 h4 59. Ke4 1-0


[Site "https://www.chess.com"]

[Event "Titled Tuesday Blitz December 13 Late 2022"]
[White "Goryachkina, Aleksandra"]
[Black "Donskov, Anatoly"]
[WhiteFideId "4147103"]
[BlackFideId "24143413"]
[WhiteElo "2484"]
[BlackElo "2219"]
[Result "1/2-1/2"]
[Round "04"]
[TimeControl "180+1"]
[Date "2022.12.14"]
[WhiteClock "0:00:32"]
[BlackClock "0:00:41"]

1. e4 e5 2. Nc3 Nc6 3. Nf3 Nf6 4. d4 exd4 5. Nxd4 Bb4 6. Nxc6 bxc6 7. Bd3 d5 8. exd5 cxd5 9. O-O O-O 10. h3 c6 11. Qf3 Bd6 12. Bf4 Rb8 13. b3 Rb4 14. Bxd6 Qxd6 15. Rad1 Re8 16. Qg3 Qxg3 17. fxg3 Nd7 18. g4 Ne5 19. Rfe1 f6 20. Bf1 Kf8 21. Kf2 Nf7 22. a3 Rxe1 23. axb4 Rxd1 24. Nxd1 Ke7 25. Ke3 Kd6 26. Nb2 Nd8 27. Bd3 h6 28. Na4 Nb7 29. Kd4 Nd8 30. Bf5 Bxf5 31. gxf5 Nb7 32. c4 dxc4 33. bxc4 c5+ 34. bxc5+ Kc6 35. g4 Na5 36. Kc3 Nb7 37. Kd4 Na5 38. Kc3 Nb7 39. Kd4 1/2-1/2


[Site "https://www.chess.com"]

[Event "Titled Tuesday Blitz December 13 Late 2022"]
[White "Grapsa, Georgia"]
[Black "Moral Garcia, Serafin"]
[WhiteFideId "4206436"]
[BlackFideId "2201925"]
[WhiteElo "1825"]
[BlackElo "2259"]
[Result "0-1"]
[Round "04"]
[TimeControl "180+1"]
[Date "2022.12.14"]
[WhiteClock "0:01:00"]
[BlackClock "0:02:12"]

1. e4 c5 2. Nc3 e6 3. g3 Nc6 4. Bg2 g6 5. d3 Bg7 6. f4 d6 7. Be3 Nge7 8. Qd2 O-O 9. Nf3 f5 10. O-O-O b5 11. Nxb5 Rb8 12. c4 a6 13. Nc3 Qa5 14. a3 Bd7 15. Qc2 Rb7 16. Kd2 Nd4 17. Bxd4 cxd4 18. b4 dxc3+ 19. Ke2 Qxa3 20. Ra1 Qb2 21. Rhc1 fxe4 22. dxe4 Rxb4 0-1


[Site "https://www.chess.com"]

[Event "Titled Tuesday Blitz December 13 Late 2022"]
[White "Gutkin, Ilya"]
[Black "Castillo Pena, Patricia Evarista"]
[WhiteFideId "16203470"]
[BlackFideId "6412106"]
[WhiteElo "2265"]
[BlackElo "1919"]
[Result "1-0"]
[Round "04"]
[TimeControl "180+1"]
[Date "2022.12.14"]
[WhiteClock "0:00:24"]
[BlackClock "0:00:04"]

1. Nf3 d5 2. g3 Nf6 3. Bg2 c6 4. c4 e6 5. O-O Nbd7 6. d4 Be7 7. Nc3 O-O 8. Qc2 b6 9. e4 dxe4 10. Nxe4 Bb7 11. Rd1 Rc8 12. b3 Qc7 13. Bf4 Qd8 14. Nd6 Rb8 15. Nxb7 Rxb7 16. Ne5 Nxe5 17. dxe5 Nd7 18. Bxc6 Rc7 19. Be4 g6 20. Rd2 Bg5 21. Bxg5 Qxg5 22. f4 Qe7 23. Rad1 Nc5 24. Bf3 a5 25. Qb2 Rd7 26. Rxd7 Nxd7 27. Qd4 Nc5 28. Qd6 Qxd6 29. Rxd6 Rb8 30. Bc6 Kf8 31. Bb5 Ne4 32. Rd7 Nc3 33. Rd2 Ke7 34. Kg2 Rd8 35. Rc2 Ne4 36. Bc6 Nc5 37. Bf3 f6 38. exf6+ Kxf6 39. Kf2 e5 40. fxe5+ Kxe5 41. Re2+ Kf6 42. Ke3 Re8+ 43. Kd4 Rd8+ 44. Ke3 Rd3+ 45. Kf2 Rc3 46. Bd5 h5 47. Ke1 g5 48. Kd2 Rd3+ 49. Kc2 Rd4 50. a3 h4 51. b4 axb4 52. axb4 1-0


[Site "https://www.chess.com"]

[Event "Titled Tuesday Blitz December 13 Late 2022"]
[White "Hamedi Nia, Vesal"]
[Black "Martinez Alcantara, Jose Eduardo"]
[WhiteFideId "12542253"]
[BlackFideId "3805662"]
[WhiteElo "1844"]
[BlackElo "2707"]
[Result "0-1"]
[Round "04"]
[TimeControl "180+1"]
[Date "2022.12.14"]
[WhiteClock "0:00:31"]
[BlackClock "0:02:17"]

1. d4 Nf6 2. c4 e6 3. Nf3 Bb4+ 4. Nbd2 b6 5. a3 Bxd2+ 6. Qxd2 Bb7 7. e3 a5 8. b3 d6 9. Bb2 Nbd7 10. Be2 O-O 11. O-O Qe7 12. Rac1 Ne4 13. Qc2 f5 14. d5 e5 15. Nd2 Nxd2 16. Qxd2 f4 17. exf4 Rxf4 18. Rce1 Raf8 19. Bd3 Nc5 20. Bc2 a4 21. b4 Nb3 22. Qd3 g6 23. Bxb3 axb3 24. Qxb3 Qf7 25. Re2 b5 26. cxb5 Bxd5 27. Qc2 Bxg2 28. Bc1 Rg4 0-1


[Site "https://www.chess.com"]

[Event "Titled Tuesday Blitz December 13 Late 2022"]
[White "Hamley, Ryan"]
[Black "Ansh M Shah"]
[WhiteFideId "30959497"]
[BlackFideId "25033379"]
[WhiteElo "2599"]
[BlackElo "2084"]
[Result "1-0"]
[Round "04"]
[TimeControl "180+1"]
[Date "2022.12.14"]
[WhiteClock "0:00:47"]
[BlackClock "0:00:10"]

1. Nf3 Nf6 2. d4 e6 3. Bf4 d5 4. e3 Be7 5. Nbd2 O-O 6. Bd3 b6 7. O-O Bb7 8. c3 Nbd7 9. Re1 c5 10. h3 Rc8 11. Qe2 Ne4 12. a4 a5 13. Rac1 f5 14. c4 dxc4 15. Nxc4 Ndf6 16. Red1 Nd5 17. dxc5 Nxc5 18. Bc2 Qe8 19. Nfe5 Ba6 20. Qf3 Rd8 21. b3 Bf6 22. Bg3 Bb7 23. Qe2 Ba6 24. Qe1 Nb4 25. Rxd8 Qxd8 26. Bb1 Nxb3 27. Rd1 Qa8 28. Nxb6 Qb7 29. Nbd7 Rd8 30. Nxf6+ gxf6 31. Rxd8+ Kg7 32. Rd7+ 1-0


[Site "https://www.chess.com"]

[Event "Titled Tuesday Blitz December 13 Late 2022"]
[White "Hirneise, Jens"]
[Black "Marchesich, Giovanni"]
[WhiteFideId "24614734"]
[BlackFideId "2824790"]
[WhiteElo "2345"]
[BlackElo "2200"]
[Result "1-0"]
[Round "04"]
[TimeControl "180+1"]
[Date "2022.12.14"]
[WhiteClock "0:01:10"]
[BlackClock "0:01:13"]

1. Nf3 b6 2. e4 Bb7 3. Nc3 e6 4. d4 Bb4 5. Bd3 Nf6 6. Qe2 d5 7. exd5 Nxd5 8. Bd2 Nd7 9. O-O Nxc3 10. bxc3 Bd6 11. Rfe1 Nf6 12. Ne5 O-O 13. Bg5 h6 14. Bh4 c5 15. dxc5 Bxc5 16. Rad1 Qc7 17. Bxf6 gxf6 18. Qg4+ Kh8 19. Qh4 Kg7 20. Ng4 Rh8 21. Qxf6+ Kg8 22. Nxh6+ Kf8 23. Qxh8+ Ke7 24. Qg7 Qf4 25. Nf5+ Kd8 26. Be4+ Kc7 27. Qxf7+ Kb8 28. Rd8+ 1-0


[Site "https://www.chess.com"]

[Event "Titled Tuesday Blitz December 13 Late 2022"]
[White "Holt, Conrad"]
[Black "Richter, Paul"]
[WhiteFideId "2034387"]
[BlackFideId "2046350"]
[WhiteElo "2592"]
[BlackElo "2594"]
[Result "1-0"]
[Round "04"]
[TimeControl "180+1"]
[Date "2022.12.13"]
[WhiteClock "0:00:19"]
[BlackClock "0:00:03"]

1. d4 Nf6 2. c4 g6 3. Nc3 Bg7 4. e4 d6 5. Nf3 O-O 6. h3 Na6 7. Bg5 Qe8 8. Bd3 e5 9. O-O h6 10. Be3 Nh5 11. Qd2 g5 12. Rfe1 Nf4 13. Bf1 c6 14. Kh2 Qe6 15. d5 Qg6 16. dxc6 bxc6 17. Rad1 Rd8 18. c5 Qh5 19. Bxf4 exf4 20. cxd6 g4 21. e5 gxf3 22. Qxf4 fxg2 23. Bxg2 Nc5 24. Bxc6 Rb8 25. Nd5 Qxh3+ 26. Kg1 Be6 27. Re3 Qg4+ 28. Qxg4 Bxg4 29. Rd4 Be6 30. b4 Bxd5 31. Bxd5 Ne6 32. Rg4 Kh8 33. f4 Rxb4 34. Bxe6 fxe6 35. Reg3 Rb7 36. Rg6 Re8 37. f5 Bxe5 38. Rxh6+ Rh7 39. d7 Rd8 40. fxe6 Bxg3 41. e7 Bh4 42. e8=Q+ 1-0


[Site "https://www.chess.com"]

[Event "Titled Tuesday Blitz December 13 Late 2022"]
[White "Jaracz, Pawel"]
[Black "Sukandar, Irine Kharisma"]
[WhiteFideId "1102222"]
[BlackFideId "7101937"]
[WhiteElo "2460"]
[BlackElo "2301"]
[Result "0-1"]
[Round "04"]
[TimeControl "180+1"]
[Date "2022.12.14"]
[WhiteClock "0:00:43"]
[BlackClock "0:00:12"]

1. d4 Nf6 2. c4 e6 3. Nc3 d5 4. cxd5 exd5 5. Bg5 c6 6. e3 h6 7. Bh4 Bf5 8. Bd3 Bxd3 9. Qxd3 Bd6 10. Nf3 Nbd7 11. O-O O-O 12. Rab1 Qe7 13. a3 a5 14. Qc2 Qe6 15. b4 axb4 16. axb4 b5 17. Ne2 Nb6 18. Nf4 Bxf4 19. exf4 Nc4 20. Ra1 Ne4 21. Ne5 Rfc8 22. Nd3 Qf5 23. Rfe1 Ned6 24. f3 Ra4 25. g4 Qg6 26. Bg3 Ne3 27. Qc3 Ndc4 28. f5 Qf6 29. Ne5 Rca8 30. Rxa4 bxa4 31. Rxe3 Nxe3 32. Qxe3 a3 33. Qc1 a2 34. Qa1 Qg5 35. f4 Qd8 36. Be1 Qb6 37. Bc3 Qb5 38. Kf2 Qa4 39. Kg3 Qc2 40. Nf3 Ra3 41. Qe1 Qxc3 42. Qe8+ Kh7 43. g5 Qxf3+ 44. Kh4 Qxf4+ 0-1


[Site "https://www.chess.com"]

[Event "Titled Tuesday Blitz December 13 Late 2022"]
[White "Jarocka, Liwia"]
[Black "Kanakaris, Georgios"]
[WhiteFideId "21807558"]
[BlackFideId "4209460"]
[WhiteElo "1989"]
[BlackElo "2291"]
[Result "0-1"]
[Round "04"]
[TimeControl "180+1"]
[Date "2022.12.14"]
[WhiteClock "0:00:15"]
[BlackClock "0:00:34"]

1. e4 e6 2. d4 d5 3. Nd2 Be7 4. Ngf3 Nf6 5. e5 Nfd7 6. Bd3 c5 7. c3 Nc6 8. O-O a5 9. Re1 cxd4 10. cxd4 Qb6 11. Qe2 Nxd4 12. Nxd4 Qxd4 13. Nf3 Qb6 14. Be3 Nc5 15. Rac1 Bd7 16. Rc2 Qa7 17. Bb5 b6 18. a3 a4 19. h4 O-O 20. Bxc5 bxc5 21. Bxd7 Qxd7 22. g3 Rfb8 23. Rec1 Rb3 24. Nd2 Rb5 25. Qd3 Qb7 26. Qc3 Rb8 27. Rb1 Bd8 28. Qe3 Ba5 29. Nf3 Rb3 30. Qf4 c4 31. h5 h6 32. Nd4 Rb6 33. g4 Qe7 34. Kg2 Qg5 35. Qg3 c3 36. f4 Qe7 37. f5 Rxb2 38. Rbxb2 Rxb2 39. Qd3 Rxc2+ 40. Qxc2 Qg5 41. Nc6 Qd2+ 0-1


[Site "https://www.chess.com"]

[Event "Titled Tuesday Blitz December 13 Late 2022"]
[White "Jimenez Almeida, Luis David"]
[Black "Korchmar, Vasiliy"]
[WhiteFideId "22242244"]
[BlackFideId "24131750"]
[WhiteElo "2158"]
[BlackElo "2370"]
[Result "1-0"]
[Round "04"]
[TimeControl "180+1"]
[Date "2022.12.14"]
[WhiteClock "0:00:09"]
[BlackClock "0:00:01"]

1. e4 c5 2. Nc3 d6 3. Nge2 Nc6 4. d4 cxd4 5. Nxd4 Nf6 6. Bg5 Bd7 7. Qd2 a6 8. f4 e6 9. O-O-O Be7 10. h4 b5 11. Nxc6 Bxc6 12. Bd3 b4 13. Bxf6 Bxf6 14. Ne2 Qb6 15. g4 a5 16. g5 Be7 17. h5 a4 18. Kb1 a3 19. b3 h6 20. g6 fxg6 21. hxg6 Bf6 22. Rh5 O-O 23. Bc4 Bxe4 24. Bxe6+ Kh8 25. f5 Bxc2+ 26. Qxc2 Qe3 27. Qd2 Qe4+ 28. Qd3 Qe5 29. Nd4 Rfe8 30. Bf7 Rec8 31. Qd2 Qe4+ 32. Qd3 Qe5 33. Qd2 Qe4+ 34. Nc2 Rxc2 35. Qxc2 Qe5 36. Kc1 Qa1+ 37. Kd2 Qd4+ 38. Qd3 Qf4+ 39. Qe3 Bc3+ 40. Ke2 Qg4+ 41. Qf3 1-0


[Site "https://www.chess.com"]

[Event "Titled Tuesday Blitz December 13 Late 2022"]
[White "Jobava, Baadur"]
[Black "Thomforde-Toates, Noah"]
[WhiteFideId "13601520"]
[BlackFideId "30951992"]
[WhiteElo "2582"]
[BlackElo "2595"]
[Result "1-0"]
[Round "04"]
[TimeControl "180+1"]
[Date "2022.12.13"]
[WhiteClock "0:00:35"]
[BlackClock "0:00:06"]

1. d4 Nf6 2. Nc3 d6 3. e4 g6 4. Be2 c6 5. h4 h5 6. a4 a5 7. Nf3 Nbd7 8. Bg5 Qc7 9. O-O Bg7 10. Re1 O-O 11. Nd2 e5 12. dxe5 Nxe5 13. Nc4 Nxc4 14. Bxc4 Be6 15. Bxe6 fxe6 16. e5 Nd5 17. exd6 Qxd6 18. Nxd5 cxd5 19. c3 Rf5 20. Qe2 Raf8 21. f3 Qg3 22. Qf2 Rxf3 23. Qxg3 Rxg3 24. Rxe6 d4 25. Rxg6 dxc3 26. bxc3 Kh7 27. Rb6 Rf7 28. Rab1 Bxc3 29. Rxb7 Rxb7 30. Rxb7+ Kg6 31. Rb6+ Kf5 32. Rb5+ Kg4 33. Kh2 Rd3 34. Rc5 Bb4 35. Rc4+ Kf5 36. Rf4+ Ke5 37. Rf3 Rd1 38. Rf7 Ke6 39. Rh7 Bd6+ 40. g3 Ra1 41. Rh6+ Kd7 42. Rxh5 Rxa4 43. Rh7+ Ke6 44. Rh6+ Kd5 45. Rg6 Ra2+ 46. Kh3 Ra3 47. Bf6 a4 48. h5 Rb3 49. h6 Rb7 50. Rg7 Rb1 51. h7 Rh1+ 52. Kg2 Rxh7 53. Rxh7 a3 54. Ra7 Ke6 55. Ba1 Kd5 56. Kf3 Kc4 57. Ra6 Bf8 58. g4 Kb3 59. g5 Ka2 60. Bf6 Kb1 61. g6 a2 62. g7 Bxg7 63. Bxg7 a1=Q 64. Bxa1 1-0


[Site "https://www.chess.com"]

[Event "Titled Tuesday Blitz December 13 Late 2022"]
[White "Joubert, Dantelle"]
[Black "Prieto Aranguren, Alain"]
[WhiteFideId "14310813"]
[BlackFideId "2268906"]
[WhiteElo "1507"]
[BlackElo "2209"]
[Result "1-0"]
[Round "04"]
[TimeControl "180+1"]
[Date "2022.12.14"]
[WhiteClock "0:00:05"]
[BlackClock "0:00:33"]

1. d4 Nf6 2. c4 c5 3. d5 e6 4. Nc3 b5 5. cxb5 a6 6. bxa6 Bxa6 7. e4 Bxf1 8. Kxf1 exd5 9. exd5 d6 10. g3 Be7 11. Kg2 O-O 12. Nf3 Na6 13. h3 Ra7 14. Re1 Qa8 15. Bg5 Nb4 16. Rxe7 Rxe7 17. Bxf6 gxf6 18. g4 Rfe8 19. Qd2 Qb7 20. a3 Na6 21. Nh4 Nc7 22. Nf5 Re5 23. Nxd6 Qa8 24. Nxe8 Nxe8 25. Rd1 Nd6 26. Qf4 Kg7 27. h4 Qb7 28. g5 Qe7 29. Rd3 fxg5 30. Rg3 h6 31. hxg5 hxg5 32. Qh4 Ne8 33. f4 Rf5 34. Rxg5+ Rxg5+ 35. Qxg5+ Qxg5+ 36. fxg5 Nd6 37. Kg3 Kg6 38. Kf4 Nc4 39. Nd1 f6 40. b3 Nd6 41. gxf6 Kxf6 42. a4 Nb7 43. Ne3 Ke7 44. Ke5 Kd7 45. Nc4 Nd8 46. a5 Kc7 47. a6 Nf7+ 48. Ke6 Ng5+ 49. Ke7 Ne4 50. d6+ Nxd6 51. Nxd6 Kb6 52. Nc4+ Kxa6 53. Kd6 Kb5 54. Nd2 Kb4 55. Kd5 Kc3 56. Kxc5 1-0


[Site "https://www.chess.com"]

[Event "Titled Tuesday Blitz December 13 Late 2022"]
[White "Kanyamarala, Tarun"]
[Black "Bjelobrk, Igor"]
[WhiteFideId "45004714"]
[BlackFideId "4300726"]
[WhiteElo "2305"]
[BlackElo "2335"]
[Result "0-1"]
[Round "04"]
[TimeControl "180+1"]
[Date "2022.12.14"]
[WhiteClock "0:01:41"]
[BlackClock "0:01:28"]

1. Nc3 c5 2. e4 e6 3. f4 Ne7 4. Nf3 Nec6 5. Be2 d5 6. O-O Be7 7. d3 O-O 8. Qe1 dxe4 9. Nxe4 Nd4 10. Bd1 Nbc6 11. Nfd2 b6 12. a3 Bb7 13. Nc4 Qc7 14. Ne3 Rad8 15. f5 exf5 16. Nxf5 Nxf5 17. Rxf5 Nd4 18. Bf4 Qc6 19. Re5 Bd6 20. Qg3 Bxe5 21. Bxe5 f6 22. Bd6 Nf5 0-1


[Site "https://www.chess.com"]